Unix NetHack Version 5.0.0-0 post-release - last build May  4 2026 22:22:43 (774f63e81ad911689b3a0859ea89b322d5daca8d,branch:main).

Game began 2026-05-06 10:11:23, ended 2026-05-06 10:53:16.

2459783kj, lawful female human Samurai

               ------
               |.<...#
               |....|#
               |....|##a@
               |....|   a
               |....|   #
               ------   ##           -
    -----              ###       ....|
    |)....             ###           |
    |

2459783kj the Ronin    St:11 Dx:17 Co:18 In:10 Wi:8 Ch:7  Lawful
Dlvl:7  $:34 HP:0(54) Pw:18(18) AC:4  Xp:5 T:1938  Burdened

Latest messages:
 The killer bee stings!
 The giant ant bites!
 The giant ant bites!
 The killer bee just misses!
 The killer bee stings!
 The giant ant misses!
 The giant ant misses!
 The killer bee stings!
 The killer bee's sting was poisoned!
 Your movements are slowed slightly because of your load.
 You feel weaker!
 The giant ant bites!
 You miss the giant ant.
 The killer bee stings!
 The giant ant just misses!
 The giant ant bites!
 The giant ant bites!
 The killer bee misses!
 The killer bee stings!
 The giant ant misses!
 The giant ant misses!
 The killer bee misses!
 The killer bee stings!
 The giant ant bites!
 What do you want to wield? [- a-dmt or ?*] ?
 m - an orcish dagger (weapon in right hand).
 The killer bee stings!
 The killer bee stings!
 The giant ant bites!
 The giant ant bites!
 The killer bee misses!
 The giant ant bites!
 The giant ant bites!
 The killer bee stings!
 The killer bee's sting was poisoned!
 You hear the howling of the CwnAnnwn...
 In what direction? 2
 You kick the killer bee.
 The killer bee swoops, easily evading your clumsy kick.
 The killer bee stings!
 You miss the killer bee.
 The killer bee stings!
 The killer bee stings!
 The killer bee's sting was poisoned!
 You die...
 Do you want your possessions identified? [ynq] (y) n
 Do you want to see your attributes? [ynq] (y) n
 Do you want an account of creatures vanquished? [ynaq] (y) n
 Do you want to see your conduct and achievements? [ynq] (y) n
 Do you want to see the dungeon overview? [ynq] (y) n

Inventory:
 Coins    ('$')
  $ - 34 gold pieces
 Weapons  (')')
  d - 34 +0 ya (in quiver)
  c - a +0 yumi
  t - a +1 orcish dagger
  m - a +0 orcish dagger (weapon in right hand)
  a - a +0 katana
  b - a +0 wakizashi (alternate weapon; not wielded)
 Armor    ('[')
  h - an uncursed +0 orcish helm
  v - an uncursed +0 orcish helm
  o - an uncursed +0 dwarvish roundshield
  e - an uncursed rustproof +0 splint mail (being worn)
 Comestibles  ('%')
  w - an uncursed giant spider egg
  i - 3 uncursed lichen corpses
 Spellbooks  ('+')
  s - an uncursed spellbook of detect treasure

2459783kj the Samurai's attributes:

Background:
 You were a Ronin, a level 5 female human Samurai.
 You were lawful, on a mission for Amaterasu Omikami
 who was opposed by Raijin (neutral) and Susanowo (chaotic).
 You were right-handed.
 You were in the Dungeons of Doom, on level 7.
 You entered the dungeon 1938 turns ago.
 You had 164 experience points, 156 more were needed to attain level 6.

Basics:
 You had 0 out of 54 hit points.
 You had all 18 energy points (spell power).
 Your armor class was 4.
 Your wallet contained 34 zorkmids.
 Autopickup was off.

Final Characteristics:
 Your strength was 11 (peak:13, limit:18/100).
 Your dexterity was 17 (limit:18).
 Your constitution was 18 (limit:18).
 Your intelligence was 10 (limit:18).
 Your wisdom was 8 (limit:18).
 Your charisma was 7 (limit:18).

Final Status:
 You weren't hungry.
 You were burdened; movement was slightly slowed.
 You were wielding a dagger.
 You were unskilled in dagger.

Final Attributes:
 You were devoutly aligned.
 You aggravated monsters.
 You were warded.
 You were fast.
 You were unlucky.
 You are dead.

Miscellaneous:
 You didn't encounter any bones levels.
 Total elapsed playing time was 41 minutes and 52 seconds.

Major events:
 Turn
    1: 2459783kj the lawful female human Samurai entered the dungeon
  799: attained the rank of Ronin (level 3)
 1938: killed by a killer bee

You didn't know any spells.

Skills:
 Fighting Skills
   martial arts      [Basic]
   two weapon combat [Unskilled]
   riding            [Unskilled]
 Weapon Skills
   dagger            [Unskilled]
   knife             [Unskilled]
   short sword       [Basic]
   broadsword        [Unskilled]
   long sword        [Basic]
   two-handed sword  [Unskilled]
   saber             [Unskilled]
   flail             [Unskilled]
   quarterstaff      [Unskilled]
   polearms          [Unskilled]
   spear             [Unskilled]
   lance             [Unskilled]
   bow               [Basic]
   shuriken          [Unskilled]
 Spellcasting Skills
   attack spells     [Unskilled]
   divination spells [Unskilled]
   clerical spells   [Unskilled]

Voluntary challenges:
 Character rerolling was not enabled.
 You never genocided any monsters.
 You never polymorphed an object.
 You never changed form.
 You used no wishes.
Achievements:
 You entered a shop.
 You attained the rank of Ronin.

 The Dungeons of Doom: levels 1 to 7
    Level 1:
       Some fountains.
    Level 2:
    Level 3:
       An armor shop, a fountain.
    Level 4:
    Level 5:
       A fountain, a sink.
    Level 6:
       A fountain, a grave.
    Level 7: <- You were here.
       Final resting place for
          you, killed by a killer bee.


Vanquished creatures:
  a human zombie
  2 giant ants
  a homunculus
  a giant bat
  2 orc zombies
  a dwarf zombie
 an iguana
  2 acid blobs
  a gas spore
  a manes
  4 hobgoblins
  a giant rat
  a jackal
  2 foxes
  3 goblins
  2 sewer rats
  2 grid bugs
  3 lichens
  3 newts
34 creatures vanquished.

No species were genocided or became extinct.

Game over:
                       ----------
                      /          \
                     /    REST    \
                    /      IN      \
                   /     PEACE      \
                  /                  \
                  |    2459783kj     |
                  |      34 Au       |
                  |   killed by a    |
                  |    killer bee    |
                  |                  |
                  |                  |
                  |       2026       |
                 *|     *  *  *      | *
        _________)/\\_//(\/(/\)/\//\/|_)_______

Sayonara 2459783kj the Samurai...

You died in The Dungeons of Doom on dungeon level 7 with 1017 points,
and 34 pieces of gold, after 1938 moves.
You were level 5 with a maximum of 54 hit points when you died.

